 Dungeon Crawl Stone Soup version 0.21.1-1-g345015fe64 (webtiles) character file.

40 Lothor the Vexing (level 3, -7/33 HPs)
             Began as an Ogre Arcane Marksman on Mar 21, 2018.
             Mangled by a worm (8 damage)
             ... on level 2 of the Dungeon.
             The game lasted 00:05:01 (996 turns).

Lothor the Vexing (Ogre Arcane Marksman)             Turns: 996, Time: 00:05:01

Health: -7/33      AC:  3    Str: 15    XL:     3   Next: 50%
Magic:  5/5        EV: 10    Int: 14    God:
Gold:   109        SH:  0    Dex:  9    Spells: 3/4 levels left

rFire    . . .     SeeInvis .   (no weapon)
rCold    . . .     Gourm    .   (no shield)
rNeg     . . .     Faith    .   a - +0 robe
rPois    .         Spirit   .   (helmet restricted)
rElec    .         Reflect  .   (no cloak)
rCorr    .         Harm     .   (gloves unavailable)
MR       .....                  (boots unavailable)
Stlth    +.........             (no amulet)
HPRegen  0.11/turn              (no ring)
MPRegen  0.09/turn              (no ring)

@: no status effects
A: large, unfitting armour, tough skin 1
a: no special abilities


You were on level 2 of the Dungeon.
You were not hungry.

You visited 1 branch of the dungeon, and saw 2 of its levels.

You collected 109 gold pieces.

Inventory:

Missiles
 k - 20 stones (quivered)
Armour
 a - a +0 robe (worn)
Scrolls
 e - a scroll of noise {unknown}
 g - 4 scrolls of remove curse {unknown}
 j - a scroll of identify {unknown}
 m - 3 scrolls of teleportation {unknown}
Potions
 h - 2 potions of curing {unknown}
 i - a potion of brilliance {unknown}
Books
 b - a book of Debilitation

   Spells                             Type                      Level
   a - Corona                         Hexes                        1
   b - Slow                           Hexes                        2
   c - Inner Flame                    Hexes/Fire                   3
   d - Portal Projectile              Hexes/Translocation          3
   e - Cause Fear                     Hexes                        4
   f - Leda's Liquefaction            Hexes/Earth                  4
Comestibles
 f - 4 rations
 l - a chunk of flesh


   Skills:
 + Level 1.3 Fighting
 + Level 2.6 Throwing
 + Level 1.9 Dodging
 + Level 0.2 Stealth
 + Level 1.4 Spellcasting
 + Level 3.4 Hexes


You had 3 spell levels left.
You knew the following spells:

 Your Spells              Type           Power        Failure   Level  Hunger
a - Corona                Hex            ##.....      6%          1    ##.....


Dungeon Overview and Level Annotations

Branches:
Dungeon (2/15)

Altars:


Innate Abilities, Weirdness & Mutations

You are too large for most types of armour.
You have tough skin. (AC +1)


Message History

You throw a stone. The stone hits the worm.
The worm is heavily wounded.
Throwing (i - inventory):
k - 23 stones (quivered)
Press: ? - help, Shift-Dir - straight line, f/p - worm
Aim: a worm (heavily wounded)
You throw a stone.
The stone hits the worm but does no damage.
The worm is heavily wounded.
The worm bites you.
* * * LOW HITPOINT WARNING * * *
Throwing (i - inventory):
k - 22 stones (quivered)
Press: ? - help, Shift-Dir - straight line, f/p - worm
Aim: a worm (heavily wounded)
You throw a stone. The stone hits the worm.
The worm is heavily wounded.
Throwing (i - inventory):
k - 21 stones (quivered)
Press: ? - help, Shift-Dir - straight line, f/p - worm
Aim: a worm (heavily wounded)
You throw a stone. The stone completely misses the worm.
The worm bites you!
You die...

##############
#...#........#
#.#.#.######.# ######
###.#.#.######.###....#
#>..............(.....+
#.#+#.#.###.#.@w((((.(#
#...........#.......(.####
#...........#........().(#
#...........##.#######)..#
#......÷...###......†.(.(#
#.#+#...<..# ......(##..(#
#. #.####.#....... #...# #
#.# .#...... #...# #.# ..
.(...


You could see a worm.

Vanquished Creatures
  A gnoll (D:1)
  A dart slug (D:1)
  2 leopard geckos
  5 goblins
  3 hobgoblins
  A bat (D:1)
  2 frilled lizards (D:1)
  7 kobolds
  3 rats
25 creatures vanquished.

Notes
Turn   | Place    | Note
-------+----------+-------------------------------------------
     0 | D:1      | Lothor the Ogre Arcane Marksman began the quest for the Orb.
     0 | D:1      | Reached XP level 1. HP: 19/19 MP: 2/2
     2 | D:1      | Noticed a felid
     2 | D:1      | Noticed an octopode
     4 | D:1      | Noticed a halfling
     6 | D:1      | Noticed a naga
     6 | D:1      | Noticed a demigod
     8 | D:1      | Noticed an ogre
     8 | D:1      | Noticed a demonspawn
    10 | D:1      | Noticed a minotaur
    10 | D:1      | Noticed an elf
    12 | D:1      | Noticed a dwarf
    14 | D:1      | Noticed a centaur
    14 | D:1      | Noticed a formicid
    17 | D:1      | Noticed a merfolk
    19 | D:1      | Noticed a vampire
    21 | D:1      | Noticed a vine stalker
    21 | D:1      | Noticed a gargoyle
    23 | D:1      | Noticed a troll
    23 | D:1      | Noticed a draconian
    25 | D:1      | Noticed a spriggan
    25 | D:1      | Noticed a ghoul
    27 | D:1      | Noticed a human
    27 | D:1      | Noticed a tengu
   151 | D:1      | Reached skill level 3 in Hexes
   182 | D:1      | Reached XP level 2. HP: 25/27 MP: 3/3
   750 | D:1      | Reached XP level 3. HP: 33/33 MP: 1/4
   994 | D:2      | HP: 1/33 [worm (4)]
   996 | D:2      | Mangled by a worm

Skill      XL: |  1 |
---------------+----+-----
Hexes          | 3 |  3.4
Fighting       | |  1.3
Throwing       | |  2.6
Dodging        | |  1.9
Stealth        | |  0.2
Spellcasting   | |  1.4

Action                   || total
-------------------------++-------
Melee: Unarmed           ||    15
Throw: Large rock        ||    33
       Throwing net      ||     3
       Stone             ||    23
 Cast: Corona            ||     6
 Stab: Held in net/web   ||     1
Armor: Robe              ||     7
Dodge: Dodged            ||    18
